SA
DELAWARE 1787 BC @ PONTIAC GODFATHERS
08/21/2042
 
TOP OF THE 1ST
Delaware 1787 BC batting - Pitching for Pontiac Godfathers : RHP Armando Sosa
Pitching: RHP Armando Sosa
Batting: LHB Jeff Booth 0-0: Foul Ball, location: 2F
0-1: Ball
1-1: Swinging Strike
1-2: Ball
2-2: Strikes out looking
Batting: LHB Luis Concepción 0-0: Foul Ball, location: 2F
0-1: Fly out, F4 (Line Drive, 4, EV 68.8 MPH)
Batting: RHB Mhelter Tejano 0-0: Hit by Pitch
Batting: LHB Chandler Schroeder 0-0: Ball
1-0: Ground out 4-3 (Groundball, 4D, EV 98.8 MPH)
Top of the 1st over - 0 runs, 0 hits, 0 errors, 1 left on base; Delaware 0 - Pontiac 0
BOTTOM OF THE 1ST
Pontiac Godfathers batting - Pitching for Delaware 1787 BC : RHP Rémy Moreau
Pitching: RHP Rémy Moreau
Batting: RHB Gary Bly 0-0: Fly out, F3 (Popup, 3F, EV 66.2 MPH)
Batting: RHB José Rivera 0-0: Ball
1-0: Ball
2-0: Ball
3-0: Base on Balls
Batting: LHB Brad Dyer 0-0: Ball
1-0: SINGLE (Line Drive, 6MD, EV 99.4 MPH)
José Rivera to second
Runner from 2nd tries for 3rd, SAFE, throw by CF made to third
Batting: RHB John Williams 0-0: Ball
1-0: Ball
2-0: Ball
3-0: Called Strike
3-1: Base on Balls
Brad Dyer to second
Batting: RHB Pancho Achio 0-0: Ball
1-0: SINGLE (Groundball, 6D, EV 100.6 MPH)
José Rivera scores
Brad Dyer to third
John Williams to second
Batting: SHB Mike Sherman 0-0: Called Strike
0-1: Ball
1-1: Swinging Strike
1-2: Strikes out swinging
Batting: LHB Nathaniel Gordon 0-0: Called Strike
0-1: Ball
1-1: Ball
2-1: Foul Ball, location: 2F
2-2: Foul Ball, location: 2F
2-2: Ball
3-2: Fly out, F6 (Popup, 5D, EV 60.6 MPH)
Bottom of the 1st over - 1 run, 2 hits, 0 errors, 3 left on base; Delaware 0 - Pontiac 1
TOP OF THE 2ND
Delaware 1787 BC batting - Pitching for Pontiac Godfathers : RHP Armando Sosa
Batting: RHB Mike Williams 0-0: DOUBLE (Line Drive, 3D, EV 95.0 MPH)
Batting: RHB Justin Schock 0-0: Called Strike
0-1: Foul Ball, location: 2F
0-2: Ground out 1-3 (Groundball, 15S, EV 65.6 MPH)
Batting: LHB Keith Nash 0-0: Ball
1-0: Called Strike
1-1: Called Strike
1-2: Ball
2-2: Foul Ball, location: 2F
2-2: Ball
3-2: Strikes out swinging
Batting: RHB Brian Thomas 0-0: Ball
1-0: Ball
2-0: Ball
3-0: Base on Balls
Batting: LHB Brian Webb 0-0: Ball
1-0: SINGLE (Groundball, 6MS, EV 91.2 MPH) (infield hit)
Mike Williams to third
Brian Thomas to second
Batting: LHB Jeff Booth 0-0: Ball
1-0: Ball
2-0: Foul Ball, location: 2F
2-1: Swinging Strike
2-2: Foul Ball, location: 2F
2-2: Ball
3-2: DOUBLE (Flyball, 78XD, EV 114.4 MPH)
Mike Williams scores
Brian Thomas scores
Brian Webb to third
Brian Webb scores
Batting: LHB Luis Concepción 0-0: Fly out, F7 (Flyball, 7LS, EV 86.9 MPH)
Top of the 2nd over - 3 runs, 3 hits, 0 errors, 1 left on base; Delaware 3 - Pontiac 1
BOTTOM OF THE 2ND
Pontiac Godfathers batting - Pitching for Delaware 1787 BC : RHP Rémy Moreau
Batting: RHB Rich Pope 0-0: Ball
1-0: Ball
2-0: Ball
3-0: Base on Balls
Batting: RHB Santiago Tirado 0-0: Ball
1-0: Called Strike
1-1: Foul Ball, location: 2F
1-2: Ball
2-2: Fly out, F4 (Popup, 4D, EV 63.1 MPH)
Batting: RHB Gary Bly 0-0: Ball
1-0: Ball
2-0: Called Strike
2-1: Swinging Strike
2-2: Ground out U3 (Groundball, 34S, EV 86.2 MPH)
Rich Pope to second
Batting: RHB José Rivera 0-0: Swinging Strike
0-1: Swinging Strike
0-2: Ball
1-2: Strikes out swinging
Bottom of the 2nd over - 0 runs, 0 hits, 0 errors, 1 left on base; Delaware 3 - Pontiac 1
TOP OF THE 3RD
Delaware 1787 BC batting - Pitching for Pontiac Godfathers : RHP Armando Sosa
Batting: RHB Mhelter Tejano 0-0: Ball
1-0: Foul Ball, location: 2F
1-1: Ball
2-1: Called Strike
2-2: Fly out, F9 (Flyball, 89S, EV 79.4 MPH)
Batting: LHB Chandler Schroeder 0-0: Called Strike
0-1: Ball
1-1: Swinging Strike
1-2: Ball
2-2: Foul Ball, location: 2F
2-2: Strikes out swinging
Batting: RHB Mike Williams 0-0: Ball
1-0: Called Strike
1-1: Ball
2-1: Swinging Strike
2-2: Strikes out swinging
Top of the 3rd over - 0 runs, 0 hits, 0 errors, 0 left on base; Delaware 3 - Pontiac 1
BOTTOM OF THE 3RD
Pontiac Godfathers batting - Pitching for Delaware 1787 BC : RHP Rémy Moreau
Batting: LHB Brad Dyer 0-0: Ball
1-0: Ball
2-0: Ball
3-0: Called Strike
3-1: SOLO HOME RUN (Flyball, 9LD, EV 91.2 MPH), Distance : 337 ft
Batting: RHB John Williams 0-0: Fly out, F8 (Flyball, 8RM, EV 81.9 MPH)
Batting: RHB Pancho Achio 0-0: Ground out 4-3 (Groundball, 4, EV 93.1 MPH)
Batting: SHB Mike Sherman 0-0: Called Strike
0-1: Called Strike
0-2: Ball
1-2: Ball
2-2: Fly out, F9 (Flyball, 89S, EV 78.8 MPH)
Bottom of the 3rd over - 1 run, 1 hit, 0 errors, 0 left on base; Delaware 3 - Pontiac 2
TOP OF THE 4TH
Delaware 1787 BC batting - Pitching for Pontiac Godfathers : RHP Armando Sosa
Batting: RHB Justin Schock 0-0: Ball
1-0: Fly out, F9 (Flyball, 9LM, EV 76.9 MPH)
Batting: LHB Keith Nash 0-0: Called Strike
0-1: Swinging Strike
0-2: Strikes out swinging
Batting: RHB Brian Thomas 0-0: Ball
1-0: Fly out, F8 (Flyball, 8RM, EV 81.9 MPH)
Top of the 4th over - 0 runs, 0 hits, 0 errors, 0 left on base; Delaware 3 - Pontiac 2
BOTTOM OF THE 4TH
Pontiac Godfathers batting - Pitching for Delaware 1787 BC : RHP Rémy Moreau
Batting: LHB Nathaniel Gordon 0-0: Called Strike
0-1: Ball
1-1: Ball
2-1: Ground out 6-3 (Groundball, 6, EV 99.4 MPH)
Batting: RHB Rich Pope 0-0: Ball
1-0: Ball
2-0: Ball
3-0: Called Strike
3-1: Called Strike
3-2: Base on Balls
Batting: RHB Santiago Tirado 0-0: Ball
1-0: Called Strike
1-1: Ball
2-1: Foul Ball, location: 2F
2-2: Strikes out looking
Batting: RHB Gary Bly 0-0: Swinging Strike
0-1: Called Strike
0-2: Foul Ball, location: 2F
0-2: Ball
1-2: Strikes out looking
Bottom of the 4th over - 0 runs, 0 hits, 0 errors, 1 left on base; Delaware 3 - Pontiac 2
TOP OF THE 5TH
Delaware 1787 BC batting - Pitching for Pontiac Godfathers : RHP Armando Sosa
Batting: LHB Brian Webb 0-0: Swinging Strike
0-1: Ball
1-1: Called Strike
1-2: Ball
2-2: Strikes out swinging
Batting: LHB Jeff Booth 0-0: Foul Ball, location: 2F
0-1: Foul Ball, location: 2F
0-2: Ball
1-2: Ball
2-2: Foul Ball, location: 2F
2-2: Ball
3-2: Fly out, F8 (Line Drive, 8RD, EV 96.9 MPH)
Batting: LHB Luis Concepción 0-0: Fly out, F8 (Flyball, 8LM, EV 95.0 MPH)
Top of the 5th over - 0 runs, 0 hits, 0 errors, 0 left on base; Delaware 3 - Pontiac 2
BOTTOM OF THE 5TH
Pontiac Godfathers batting - Pitching for Delaware 1787 BC : RHP Rémy Moreau
Batting: RHB José Rivera 0-0: Called Strike
0-1: Called Strike
0-2: Ball
1-2: Ball
2-2: Ball
3-2: Base on Balls
Batting: LHB Brad Dyer 0-0: Called Strike
0-1: Ball
1-1: Foul Ball, location: 2F
1-2: Ball
2-2: Foul Ball, location: 2F
2-2: Strikes out swinging
Batting: RHB John Williams 0-0: Ball
1-0: Foul Ball, location: 2F
1-1: Called Strike
1-2: Ball
2-2: Ball
3-2: Strikes out swinging
José Rivera is caught stealing 2nd base 2-4
Batter strikes out.
Bottom of the 5th over - 0 runs, 0 hits, 0 errors, 0 left on base; Delaware 3 - Pontiac 2
TOP OF THE 6TH
Delaware 1787 BC batting - Pitching for Pontiac Godfathers : RHP Armando Sosa
Batting: RHB Mhelter Tejano 0-0: Ball
1-0: Foul Ball, location: 2F
1-1: Called Strike
1-2: Fly out, F8 (Flyball, 8RS, EV 76.9 MPH)
Batting: LHB Chandler Schroeder 0-0: Foul Ball, location: 2F
0-1: Ball
1-1: Foul Ball, location: 2F
1-2: Ball
2-2: Strikes out swinging
Batting: RHB Mike Williams 0-0: Ball
1-0: Ground out 1-3 (Groundball, 13, EV 83.8 MPH)
Top of the 6th over - 0 runs, 0 hits, 0 errors, 0 left on base; Delaware 3 - Pontiac 2
BOTTOM OF THE 6TH
Pontiac Godfathers batting - Pitching for Delaware 1787 BC : RHP Rémy Moreau
Batting: RHB Pancho Achio 0-0: Called Strike
0-1: Called Strike
0-2: Ball
1-2: Fly out, F6 (Popup, P, EV 86.9 MPH)
Batting: SHB Mike Sherman 0-0: Foul Ball, location: 2F
0-1: Foul Ball, location: 2F
0-2: Ball
1-2: Strikes out swinging
Batting: LHB Nathaniel Gordon 0-0: Ground out 1-3 (Groundball, 23, EV 63.1 MPH)
Bottom of the 6th over - 0 runs, 0 hits, 0 errors, 0 left on base; Delaware 3 - Pontiac 2
TOP OF THE 7TH
Delaware 1787 BC batting - Pitching for Pontiac Godfathers : RHP Armando Sosa
Batting: RHB Justin Schock 0-0: Called Strike
0-1: Ball
1-1: Ball
2-1: Swinging Strike
2-2: Strikes out swinging
Batting: LHB Keith Nash 0-0: Foul Ball, location: 2F
0-1: Ball
1-1: Foul Ball, location: 2F
1-2: Ball
2-2: Ball
3-2: Foul Ball, location: 2F
3-2: Strikes out looking
Batting: RHB Brian Thomas 0-0: Swinging Strike
0-1: Ball
1-1: Ball
2-1: Ball
3-1: Ground out 6-3 (Groundball, 6, EV 78.1 MPH)
Top of the 7th over - 0 runs, 0 hits, 0 errors, 0 left on base; Delaware 3 - Pontiac 2
BOTTOM OF THE 7TH
Pontiac Godfathers batting - Pitching for Delaware 1787 BC : RHP Rémy Moreau
Batting: RHB Rich Pope 0-0: Ball
1-0: Called Strike
1-1: Foul Ball, location: 2F
1-2: Foul Ball, location: 2F
1-2: Ball
2-2: Ball
3-2: Ground out U3 (Groundball, 3, EV 90.6 MPH)
Pitching: RHP Dario Zorander
Batting: RHB Santiago Tirado 0-0: Ball
1-0: Foul Ball, location: 2F
1-1: Called Strike
1-2: Strikes out swinging
Batting: RHB Gary Bly 0-0: Ball
1-0: Ball
2-0: Called Strike
2-1: Called Strike
2-2: Strikes out looking
Bottom of the 7th over - 0 runs, 0 hits, 0 errors, 0 left on base; Delaware 3 - Pontiac 2
TOP OF THE 8TH
Delaware 1787 BC batting - Pitching for Pontiac Godfathers : RHP Armando Sosa
Batting: LHB Brian Webb 0-0: Ball
1-0: Foul Ball, location: 2F
1-1: Foul Ball, location: 2F
1-2: Strikes out swinging
Batting: LHB Jeff Booth 0-0: Ball
1-0: Swinging Strike
1-1: Ball
2-1: Foul Ball, location: 2F
2-2: Foul Ball, location: 2F
2-2: Foul Ball, location: 2F
2-2: Ball
3-2: Strikes out looking
Batting: LHB Luis Concepción 0-0: Fly out, F5 (Popup, 56S, EV 71.2 MPH)
Top of the 8th over - 0 runs, 0 hits, 0 errors, 0 left on base; Delaware 3 - Pontiac 2
BOTTOM OF THE 8TH
Pontiac Godfathers batting - Pitching for Delaware 1787 BC : RHP Dario Zorander
Now in RF: Steve Wheeler
Batting: RHB José Rivera 0-0: SINGLE (Groundball, 6MD, EV 101.2 MPH)
Batting: LHB Brad Dyer 0-0: Called Strike
0-1: Ball
1-1: Ball
2-1: Ball
3-1: Fly out, F8 (Flyball, 8RS, EV 85.0 MPH)
Batting: RHB John Williams 0-0: Called Strike
0-1: Swinging Strike
0-2: Strikes out swinging
Batting: RHB Pancho Achio 0-0: Ball
Wild Pitch!
José Rivera to second
1-0: Called Strike
1-1: Foul Ball, location: 2F
1-2: Ball
2-2: Strikes out swinging
Bottom of the 8th over - 0 runs, 1 hit, 0 errors, 1 left on base; Delaware 3 - Pontiac 2
TOP OF THE 9TH
Delaware 1787 BC batting - Pitching for Pontiac Godfathers : RHP Armando Sosa
Batting: RHB Mhelter Tejano 0-0: Swinging Strike
0-1: Ball
1-1: Fly out, F4 (Popup, 4, EV 75.6 MPH)
Batting: LHB Chandler Schroeder 0-0: Ball
1-0: Ball
2-0: Called Strike
2-1: Foul Ball, location: 2F
2-2: Ground out 4-3 (Groundball, 4M, EV 106.2 MPH)
Pitching: LHP Gustavo Álvarez
Batting: RHB Mike Williams 0-0: Swinging Strike
0-1: Ball
1-1: Fly out, F9 (Line Drive, 9, EV 89.4 MPH)
Top of the 9th over - 0 runs, 0 hits, 0 errors, 0 left on base; Delaware 3 - Pontiac 2
BOTTOM OF THE 9TH
Pontiac Godfathers batting - Pitching for Delaware 1787 BC : RHP Dario Zorander
Pitching: LHP Francisco González
Pinch Hitting: RHB Nathan Bram 0-0: Foul Ball, location: 2F
0-1: Swinging Strike
0-2: Ball
1-2: Strikes out looking
Pinch Hitting: LHB Mike Scott 0-0: Called Strike
0-1: Foul Ball, location: 2F
0-2: Strikes out swinging
Batting: RHB Rich Pope 0-0: Called Strike
0-1: Foul Ball, location: 2F
0-2: Ball
1-2: Ball
2-2: Fly out, F9 (Flyball, 9, EV 86.2 MPH)
Bottom of the 9th over - 0 runs, 0 hits, 0 errors, 0 left on base; Delaware 3 - Pontiac 2
Friday, March 26th, 2021 - OOTP Baseball 20.8 Build 74